 Dungeon Crawl Stone Soup version 0.27.0-1-g7a089689b8 (console) character file.

Game seed: 832991643217981541

231 jejorda2 the Cutter (level 6, 0/33 HPs)
             Began as a Vine Stalker Berserker on Aug 14, 2021.
             Was a Follower of Trog.
             Slain by an orc wizard (1 damage)
             ... on level 4 of the Dungeon.
             The game lasted 00:02:17 (908 turns).

jejorda2 the Cutter (Vine Stalker Berserker)         Turns: 908, Time: 00:02:19

Health: 0/33       AC:  4    Str: 22    XL:     6   Next: 4%
Magic:  0/7        EV: 11    Int:  7    God:    Trog [*.....]
Gold:   22         SH:  0    Dex: 13    Spells: 5/5 levels left

rFire    . . .     SeeInvis .   a - +0 dagger
rCold    . . .     Faith    .   (no shield)
rNeg     . . .     Spirit   +   e - +0 leather armour
rPois    .         Reflect  .   i - +0 helmet
rElec    .         Harm     .   (no cloak)
rCorr    .         Rampage  .   (no gloves)
Will     .....                  (no boots)
Stlth    +.........             (no amulet)
HPRegen  1.11/turn              (no ring)
MPRegen  0.10/turn              (no ring)

@: no status effects
A: fangs 2, regeneration 1, magic shield, antimagic bite, no potion heal 2
a: Renounce Religion, Berserk


You were on level 4 of the Dungeon.
You worshipped Trog.
Trog was aware of your devotion.
You visited 1 branch of the dungeon, and saw 3 of its levels.

You collected 22 gold pieces.

Inventory:

Hand Weapons
 a - a +0 dagger (weapon)
 h - a +3 short sword
Missiles
 c - 4 javelins
 f - 14 poisoned darts (quivered)
Armour
 b - a +0 animal skin
 e - a +0 leather armour (worn)
 i - a +0 helmet (worn)
Scrolls
 g - a scroll of enchant armour {unknown}
Potions
 d - a potion of invisibility {unknown}


   Skills:
 + Level 4.0 Fighting
 + Level 4.0 Short Blades
 + Level 3.1 Armour
 - Level 1.5 Dodging


You had 5 spell levels left.
You didn't know any spells.
Your spell library was empty.

Dungeon Overview and Level Annotations

Branches:
Dungeon (2/15)

Altars:


Innate Abilities, Weirdness & Mutations

You have extremely sharp teeth.
Your natural rate of healing is unusually fast.
When hurt, damage is shared between your health and your magic reserves.
Your bite disrupts and absorbs the magic of your enemies.
Potions cannot restore your health.


Message History

The orc warrior closely misses you. The orc wizard barely misses you.
The orc shouts!
You hit the orc warrior but do no damage.
The orc warrior is moderately wounded.
The orc warrior barely misses you. The orc wizard closely misses you.
You hit the orc warrior but do no damage.
You bite the orc warrior. You drain its power.
The orc warrior is moderately wounded.
The orc warrior hits you with a +0 hand axe!
The orc wizard hits you but does no damage.
You hit the orc warrior but do no damage.
Your bite misses the orc warrior.
The orc warrior is moderately wounded.
The orc warrior barely misses you.
You barely miss the orc warrior.
You bite the orc warrior, but do no damage.
The orc warrior is moderately wounded.
The orc wizard misses you.
You hit the orc warrior but do no damage.
The orc warrior is moderately wounded.
The orc warrior hits you but does no damage.
The orc wizard closely misses you.
You closely miss the orc warrior. Your bite misses the orc warrior.
The orc warrior is moderately wounded.
The orc barely misses you.
The orc warrior hits you with a +0 hand axe!
The orc wizard hits you but does no damage.
You are too injured to fight recklessly!
You are too injured to fight recklessly!
You are too injured to fight recklessly!
You are too injured to fight recklessly!
You closely miss the orc warrior.
You bite the orc warrior, but do no damage.
The orc warrior is moderately wounded.
The orc warrior hits you with a +0 hand axe!
* * * LOW HITPOINT WARNING * * *
The orc hits you with a +0 dagger.
* * * LOW HITPOINT WARNING * * *
The orc wizard hits you with a +0 dagger.
You die...

#.......# .. ..
#####'##......# ...
.............##)# ....
..........#.##.# ....
##.##.....#.##)####....
#...#....##..#......#.#
........#.)...........
#o...#[#.#......#..
#o@..†)#.#.#.......
......o.....#...#.......
.....##.....##..#.......
.... #.....##..#.......
... .......##..####.#..
.. (.#..##.##.># #.#.# #
#.##..##.###. #.#.# ..
...# .# #.#.# #.#.#


You could see an orc warrior, an orc wizard and an orc.

Vanquished Creatures
  Grinder (D:4)
  Robin (D:4)
  An orc (D:4)
  10 goblins (D:4)
  3 hobgoblins (D:4)
  2 jackals (D:4)
  2 frilled lizards (D:1)
  2 kobolds (D:1)
  2 rats (D:1)
24 creatures vanquished.

Notes
Turn   | Place    | Note
-------+----------+-------------------------------------------
     0 | D:1      | jejorda2 the Vine Stalker Berserker began the quest for the
                  | Orb.
     0 | D:1      | Reached XP level 1. HP: 11/11 MP: 2/2
    52 | D:1      | Found a faded altar of an unknown god.
   742 | D:2      | You fall into a shaft and drop 2 floors!
   808 | D:4      | Noticed Grinder
   818 | D:4      | Killed Grinder
   819 | D:4      | Reached XP level 2. HP: 7/17 MP: 3/3
   819 | D:4      | Reached XP level 3. HP: 9/21 MP: 4/4
   819 | D:4      | Gained mutation: Your natural rate of healing is unusually
                  | fast. [Vine Stalker growth]
   819 | D:4      | Reached XP level 4. HP: 10/25 MP: 5/5
   819 | D:4      | Reached XP level 5. HP: 12/29 MP: 6/6
   871 | D:4      | Noticed Robin
   885 | D:4      | Killed Robin
   886 | D:4      | Reached XP level 6. HP: 24/33 MP: 7/7
   895 | D:4      | Noticed an orc warrior
   908 | D:4      | HP: 1/33 [orc (3)]
   908 | D:4      | Slain by an orc wizard

Illustrated notes

Levels and vault maps discovered:
D:1:      matt_arrival_grand_opening, layout_loops_ring, basic_ecumenical_altar
D:2:      layout_basic, uniq_terence, uniq_natasha
D:4:      layout_basic, minmay_temple_entry_waves, gammafunk_ghost_necromancy,
          hangedman_decor_clover_reticule, chequers_serial_rivers_micro_d,
          uniq_robin, uniq_grinder

Skill      XL: |  1  2  3  4  5 |
---------------+----------------+-----
Fighting       | 3 4 |  4.0
Short Blades   | 3 4 |  4.0
Armour         | 3 |  3.1
Dodging        | |  1.5

Action                   |  1- 3 |  4- 6 || total
-------------------------+-------+-------++-------
Melee: Dagger            |    10 |    47 ||    57
       Bite              |     5 |    17 ||    22
       Short sword       |     5 |       ||     5
Invok: Berserk           |     1 |       ||     1
Armor: Animal skin       |     1 |       ||     1
       Leather armour    |       |     6 ||     6
Dodge: Dodged            |     3 |    26 ||    29
